Map: Prion Terraces

Players

Miszu - Winner!

  • Race: Terran Terran
  • League: Master

Miedziany

  • Race: Terran Terran
  • League: Master

VOD

Have the link to the VOD?

Description

Time

  • Played on: March 7, 2016, 6:48 p.m.
  • Length: 8:18
Show
View Real Time Build Order
Export as new Build Order

Miszu Terran - Winner!

Build Orders: 1/1/1, Liberator Opening 

Get SALT Encoding   

  12  0:00  SCV  
  13  0:12  SCV  
  14  0:17  Supply Depot  
  14  0:25  SCV  
  15  0:38  SCV  
  15  0:39  Refinery  
  16  0:44  Barracks  
  16  0:50  SCV  
  17  1:01  Refinery  
  17  1:03  SCV  
  18  1:15  SCV  
  19  1:32  Orbital Command  
  19  1:33  Factory  
  19  1:39  Supply Depot  
  19  1:43  Reaper  
  20  1:59  SCV  
  21  2:03  Supply Depot  
  21  2:11  SCV  
  21  2:15  Reaper  
  23  2:17  Hellion  
  23  2:21  Starport  
  25  2:24  SCV  
  26  2:36  SCV  
  27  2:39  Hellion  
  27  2:41  Liberator  
  29  2:46  Supply Depot  
  29  2:47  Reaper  
  29  2:48  SCV  
  31  3:01  SCV  
  31  3:03  Hellion  
  37  3:13  SCV  
  37  3:19  Reaper  
  39  3:25  SCV  
  39  3:26  Hellion, Liberator  
  38  3:48  SCV  
  42  3:50  Factory Tech Lab  
  42  3:51  Barracks Reactor  
  42  3:56  Command Center  
  42  4:00  SCV  
  42  4:01  Supply Depot  
  43  4:12  SCV  
  43  4:17  Bunker, Siege Tank  
  47  4:24  SCV  
  47  4:29  Marine x2  
  50  4:36  SCV  
  51  4:47  Marine x2  
  51  4:48  SCV  
  54  5:00  SCV  
  55  5:08  Marine, Siege Tank  
  55  5:13  SCV  
  48  5:18  Marine  
  48  5:19  SCV  
  47  5:25  SCV  
  47  5:26  Marine  
  45  5:33  Orbital Command  
  45  5:37  Marine, SCV  
  45  5:40  Siege Tank  
  50  5:49  SCV  
  47  6:02  SCV  
  48  6:06  SCV  
  48  6:07  Marine x2  
  48  6:09  Medivac  
  53  6:14  Siege Tank, SCV  
  53  6:18  SCV  
  58  6:22  Refinery x2  
  58  6:26  SCV  
  58  6:30  SCV  
  60  6:34  Marine x2, Barracks x2  
  60  6:38  SCV  
  63  6:42  SCV  
  64  6:49  Engineering Bay, Siege Tank  
  64  6:50  Starport Reactor, Engineering Bay, SCV  
  69  6:56  SCV  
  70  7:01  Supply Depot  
  70  7:02  SCV  
  70  7:03  Supply Depot  
  70  7:04  Supply Depot  
  70  7:23  SCV x2  
  70  7:25  Siege Tank  
  77  7:31  Barracks  
  77  7:32  Barracks  
  77  7:35  Barracks, SCV x2  
  77  7:36  Barracks  
  77  7:41  Medivac x2  
  81  7:47  SCV x2  
  83  7:52  Marine  
  84  7:59  Marine, SCV  
Show
View Real Time Build Order
Export as new Build Order

Miedziany Terran 

Build Orders:  

Get SALT Encoding   

  12  0:02  SCV  
  14  0:14  SCV  
  14  0:17  Supply Depot  
  14  0:26  SCV  
  15  0:38  Refinery  
  15  0:39  SCV  
  16  0:47  Barracks  
  16  0:51  SCV  
  17  1:03  SCV  
  18  1:15  SCV  
  19  1:28  Refinery  
  19  1:34  Reaper, Orbital Command  
  19  1:39  Barracks  
  20  1:48  Supply Depot  
  20  2:01  SCV  
  20  2:06  Reaper  
  22  2:12  Factory  
  22  2:16  SCV  
  23  2:27  Reaper  
  23  2:28  SCV  
  25  2:33  Supply Depot  
  25  2:38  Reaper  
  25  2:40  SCV  
  27  2:52  SCV  
  27  2:56  Hellion  
  27  2:58  Starport  
  30  2:59  Reaper  
  30  3:05  SCV  
  32  3:09  Supply Depot  
  32  3:10  Reaper  
  33  3:17  SCV  
  33  3:19  Hellion  
  36  3:27  Supply Depot  
  36  3:29  SCV  
  36  3:31  Reaper  
  35  3:42  Reaper  
  35  3:43  Hellion  
  35  3:46  SCV  
  39  3:50  Medivac  
  41  4:04  Reaper  
  41  4:05  Hellion  
  41  4:07  Command Center  
  44  4:10  SCV  
  44  4:24  Viking  
  39  4:34  Marine  
  39  4:35  Marine  
  40  4:45  Widow Mine  
  22  5:31  Marine x2  
  23  5:49  Marine, SCV  
  25  6:00  Marine  
  25  6:03  SCV  
  26  6:07  Marine  
  27  6:18  Orbital Command  
  27  6:21  SCV  
  27  6:23  Marine  
  27  6:25  Marine  
  29  6:29  Factory Tech Lab  
  30  6:33  SCV  
  31  6:47  SCV  
  32  6:48  SCV  
  32  6:50  Marine x2  
  35  6:59  SCV  
  35  7:00  SCV  
  37  7:07  Marine  
  37  7:08  Marine  
  38  7:11  SCV  
  38  7:12  SCV  
  38  7:23  SCV  
  38  7:24  SCV  
  38  7:25  Marine x2  
  42  7:35  SCV  
  42  7:36  SCV  
  44  7:43  Marine x2  
  46  7:45  Siege Tank  
  46  7:47  SCV  
  46  7:48  SCV  
  48  7:59  SCV  
  48  8:00  SCV  
Tags
 
Add a new tag
Caveats
  • Supply blocks, unpowered buildings, or Contaminate may cause inaccurate times.
  • Supply counts are checked every 10 seconds.